 Dungeon Crawl Stone Soup version 0.25-a0-420-g1cc7eeb0d1 (webtiles) character file.

Game seed: 8894453437575974010, levelgen mode: deterministic

1 Gargoyl the Skirmisher (level 1, 19/19 HPs)
             Began as a Centaur Abyssal Knight on Jan 18, 2020.
             Was an Initiate of Lugonu.
             Quit the game on level 1 of the Dungeon.
             The game lasted 00:00:59 (326 turns).

Gargoyl the Skirmisher (Centaur Abyssal Knight)      Turns: 326, Time: 00:01:00

Health: 19/19      AC:  5    Str: 14    XL:     1   Next: 16%
Magic:  2/2        EV:  8    Int: 11    God:    Lugonu [......]
Gold:   33         SH:  0    Dex:  8    Spells: 0/0 levels left

rFire    . . .     SeeInvis .   a - +1 hand axe
rCold    + . .     Gourm    .   (no shield)
rNeg     . . .     Faith    .   d - +0 ring mail
rPois    .         Spirit   .   (no helmet)
rElec    .         Reflect  .   (no cloak)
rCorr    .         Harm     .   (no gloves)
MR       .....                  (no barding)
Stlth    ..........             (no amulet)
HPRegen  0.06/turn              e - ring of protection from cold
MPRegen  0.08/turn              (no ring)

@: very quick
A: large, hooves 3, deformed body, speed 2, tough skin 3
a: Renounce Religion


You were on level 1 of the Dungeon.
You worshipped Lugonu.
Lugonu was noncommittal.
You were not hungry.

You visited 1 branch of the dungeon, and saw 1 of its levels.
You visited the Abyss 1 time.

You collected 33 gold pieces.

Inventory:

Hand Weapons
 a - a +1 hand axe (weapon)
Armour
 d - a +0 ring mail (worn)
Jewellery
 e - a ring of protection from cold (left hand)
Comestibles
 c - a ration


   Skills:
 + Level 3.0 Fighting
 + Level 1.7 Axes
 * Level 1.4 Armour
 * Level 0.6 Dodging
 * Level 2.0 Invocations


You couldn't memorise any spells.
You didn't know any spells.
Your spell library was empty.

Dungeon Overview and Level Annotations

Branches:
Dungeon (1/15)

Altars:


Innate Abilities, Weirdness & Mutations

You have hooves in place of feet.
Armour fits poorly on your strangely shaped body.
You cover ground very quickly.
You have extremely tough skin. (AC +3)


Message History

You can no longer depart the Abyss at will.
There is a staircase leading out of the dungeon here.
e - a ring of protection from cold (left hand)
As you read the scroll labeled ETANWI REVYI, it crumbles to dust.
It is a scroll of identify.
You don't have any unidentified items.
Found 28 arrows.
A kobold comes into view. It is wielding a +0 club.
The kobold throws a stone.
The stone barely misses you.
Found a stone staircase leading down.
You see here a stone.
Found a scroll of identify.
The kobold throws a stone.
The stone closely misses you.
You see here a stone.
The kobold throws a stone.
The stone barely misses you.
You hit the kobold.
You kill the kobold!
Lugonu accepts your kill.
You see here a +0 club.
Are you sure you want to abandon this character and quit the game? (Confirm with "yes".)

#...# #.#...##.#...
#...# #.. ...... ..
##...## #.###.... .. #
#.....###....(.##.# .#
...<....#.###.....#..###
#.....#....(...####.....
##...####..##(..........
#...#>....##...!.......
#...#.###.##...@....##
##.## ........###....
#.# #..#....# .. #.#
#..#....# #.......#
......... ....#......
####.#.##


There were no monsters in sight!

Vanquished Creatures
  A kobold (D:1)
1 creature vanquished.

Notes
Turn   | Place    | Note
-------+----------+-------------------------------------------
     0 | Abyss:1  | Gargoyl the Centaur Abyssal Knight began the quest for the
                  | Orb.
     0 | Abyss:1  | Reached XP level 1. HP: 19/19 MP: 2/2
    92 | Abyss:1  | Found a corrupted altar of Lugonu.
    92 | Abyss:1  | Noticed a golden eye
   306 | Abyss:3  | Noticed a worldbinder
   308 | Abyss:3  | Noticed a merfolk siren
   309 | D:1      | Escaped the Abyss
   326 | D:1      | Quit the game

Levels and vault maps discovered:
D:1:      dpeg_arrival_rhombus, layout_basic

Action                   || total
-------------------------++-------
Melee: Hand axe          ||    15
Invok: Depart the Abyss  ||     1
  Use: Scroll            ||     1
Dodge: Dodged            ||     3

Table legend:
 A = Non-vault XP
 B = Vault XP
 C = Vault XP percentage of total XP
 D = Non-vault monster count
 E = Vault monster count
 F = Vault count percentage of total count
                 A         B        C        D         E       F
            +---------+---------+-------+---------+---------+-------
      Total |       2 |       0 |   0.0 |       1 |       0 |   0.0
            +---------+---------+-------+---------+---------+-------
        D:1 |       2 |       0 |   0.0 |       1 |       0 |   0.0
            +---------+---------+-------+---------+---------+-------
